AoeStats
← aDT_The Night Panda

Socotra

504532705Analyzed
2v2 RM · 26d ago on Sep 5, 2026· 33m 49s· 4 players
Game mode
Random Map
Map size
Tiny (2 player)
Population
200
Speed
Normal
Resources
Standard
Victory
Conquest
Starting age
Dark Age
Ending age
Imperial Age
RankedLock teamsTeams togetherTeam positionsShared explorationLock speedFull tech treeHidden civsTurbo modeCheats
Victory
Defeat
🇩🇰 Malay · Denmark
1922
+11
🇩🇰 Ethiopians · Denmark
1772
+17
🇨🇳 Maya · China
1810
-14
🇨🇳 Persians · China
1810
-14
_LT_学成
0:25 Loom
11:10 Feudal Age
19:14 Fletching
_LT_椎名真昼
6:39 Loom
8:52 Feudal Age
16:14 Double-Bit Axe
17:48 Scale Barding Armor
22:14 Castle Age
20:59 Bloodlines
20:55 Gold Mining
21:02 Horse Collar
23:18 Chain Barding Armor
23:48 Bow Saw
32:22 Imperial Age
30:34 Husbandry
30:47 Light Cavalry
32:15 Cavalier
DK | Good_luck
6:46 Loom
9:41 Feudal Age
9:07 Man-at-Arms
16:03 Fletching
22:23 Castle Age
20:47 Double-Bit Axe
21:15 Horse Collar
21:34 Crossbowman
22:09 Bodkin Arrow
22:59 Bodkin Arrow
28:26 Sanctity
29:30 Redemption
31:39 Heavy Plow
31:50 Bow Saw
33:08 Ballistics
aDT_The Night Panda
2:13 Loom
14:40 Feudal Age
18:49 Town Watch
21:43 Castle Age
20:28 Fletching
21:45 Crossbowman
22:20 Bodkin Arrow
25:20 Ballistics
25:01 Padded Archer Armor
27:29 Wheelbarrow
30:49 Thumb Ring
30:56 Double-Bit Axe
Connection lost

Rejoining the realm…

Still unreachable

The connection could not be restored.

Session expired

The server has moved on; the page needs a fresh start.